 Dungeon Crawl Stone Soup version 0.22.1-2-g9c5b331383 (webtiles) character file.

27 Malassasaur the Chiller (level 2, -1/15 HPs)
             Began as a Deep Elf Ice Elementalist on Nov 24, 2018.
             Slain by Terence
             ... wielding a +0 flail
              (11 damage)
             ... on level 2 of the Dungeon.
             The game lasted 00:06:48 (1134 turns).

Malassasaur the Chiller (Deep Elf Ice Elementalist) Turns: 1134, Time: 00:06:48

Health: -1/15      AC:  4    Str:  5    XL:     2   Next: 93%
Magic:  8/8        EV: 13    Int: 19    God:
Gold:   43         SH:  0    Dex: 15    Spells: 6/7 levels left

rFire    . . .     SeeInvis .   d - +0 spear
rCold    . . .     Gourm    .   (no shield)
rNeg     . . .     Faith    .   a - +0 robe
rPois    .         Spirit   .   (no helmet)
rElec    .         Reflect  .   (no cloak)
rCorr    .         Harm     .   (no gloves)
MR       .....                  o - +1 pair of boots
Stlth    ++........             (no amulet)
HPRegen  0.05/turn              (no ring)
MPRegen  0.11/turn              (no ring)

@: lethally poisoned (-1 -> -6)
A: no striking features
a: no special abilities


You were on level 2 of the Dungeon.
You were not hungry.

You visited 1 branch of the dungeon, and saw 2 of its levels.

You collected 43 gold pieces.

Inventory:

Hand Weapons
 d - a +0 spear (weapon)
Armour
 a - a +0 robe (worn)
 o - a +1 pair of boots (worn)
Scrolls
 b - 2 scrolls of amnesia {unknown}
 f - 2 scrolls of identify {unknown}
 g - 4 scrolls of remove curse {unknown}
 h - a scroll of random uselessness {unknown}
Potions
 e - a potion of curing {unknown}
 i - 2 potions of lignification {unknown}
 j - a potion of brilliance {unknown}
 k - a potion of flight {unknown}
 l - a potion of haste {unknown}
 m - a potion of might {unknown}
Comestibles
 c - 5 rations


   Skills:
 + Level 3.1 Dodging
 + Level 2.7 Stealth
 + Level 3.1 Spellcasting
   Level 1.1 Conjurations
 + Level 3.9 Ice Magic


You had 6 spell levels left.
You knew the following spells:

 Your Spells              Type           Power        Failure   Level  Hunger
a - Freeze                Ice            ###.         3%          1    None

Your spell library contained the following spells:

 Spells                   Type           Power        Failure   Level  Hunger
 Throw Frost              Conj/Ice       ##....       9%          2    ##.....
 Ozocubu's Armour         Chrm/Ice       ##......     21%         3    ###....
 Throw Icicle             Conj/Ice       ##......     47%         4    ####...
 Summon Ice Beast         Ice/Summ       ##......     54%         4    ####...


Dungeon Overview and Level Annotations

Branches:
Dungeon (2/15)

Altars:
Ru

Annotations:
D:2 Terence


Message History

The goblin closely misses you.
The adder hisses angrily.
You hit the goblin.
You kill the goblin!
You barely miss the frilled lizard. The adder bites you.
You are poisoned.
The adder poisons you! The frilled lizard misses you.
You hit the frilled lizard.
You kill the frilled lizard!
You feel sick. The adder bites you. The adder closely misses you.
Terence closely misses you.
A rat comes into view.
The adder misses you.
Things that are here:
a club; a goblin corpse You feel sick.
The adder barely misses you. Terence barely misses you.
You barely miss Terence.
You feel sick. The adder barely misses you. Terence hits you with a flail!
Ouch! That really hurt!
You die...

....##.....##
............#.....#
............#.....#
...........$##.#.##
...........##.#.#
..........##.#.#
#.....>.+..#.#
#.!.$...####.#####
#@S.).............
........@)...r.........#
...................>...#
..........##.#.........#
..........##.#.....≈.≈.#
..........##.#....≈.≈.≈#
#......#####+#....#...##
#...... #........#.≈.#
#........#...#


You could see Terence, an adder and a rat.

Vanquished Creatures
  2 dart slugs (D:1)
  4 bats
  2 giant cockroaches
  2 goblins (D:2)
  2 hobgoblins (D:1)
  4 frilled lizards
  4 kobolds (D:1)
  4 rats
24 creatures vanquished.

Notes
Turn   | Place    | Note
-------+----------+-------------------------------------------
     0 | D:1      | Malassasaur the Deep Elf Ice Elementalist began the quest
                  | for the Orb.
     0 | D:1      | Reached XP level 1. HP: 10/10 MP: 6/6
   184 | D:1      | Reached XP level 2. HP: 6/15 MP: 2/8
  1097 | D:2      | Found a sacrificial altar of Ru.
  1125 | D:2      | Noticed Terence
  1134 | D:2      | Slain by Terence

Skill      XL: |  1  2 |
---------------+-------+-----
Dodging        | 3 |  3.1
Stealth        | |  2.7
Spellcasting   | |  3.1
Conjurations   | |  1.1
Ice Magic      | |  3.9

Action                   || total
-------------------------++-------
Melee: Spear             ||    32
 Cast: Freeze            ||    23
 Stab: Sleeping          ||     1
  Eat: Chunk             ||     1
Armor: Robe              ||    26
Dodge: Dodged            ||    55
